 Dungeon Crawl Stone Soup version 0.20.1-1-g8b1a95d (webtiles) character file.

152 gobwax the Poker (level 5, -3/41 HPs)
             Began as a Demonspawn Abyssal Knight on Aug 14, 2017.
             Was a Believer of Lugonu.
             Slain by an iguana (10 damage)
             ... on level 4 of the Dungeon.
             The game lasted 00:05:38 (2925 turns).

gobwax the Poker (Demonspawn Abyssal Knight)        Turns: 2925, Time: 00:05:39

Health: -3/41      AC:  3    Str: 13    XL:     5   Next: 11%
Magic:  7/7        EV: 11    Int: 11    God:    Lugonu [**....]
Gold:   136        SH:  0    Dex: 13    Spells: 4/4 levels left

rFire    . . .     SeeInvis .   i - +0 spear (vamp)
rCold    . . .     Gourm    .   (no shield)
rNeg     . . .     Faith    .   b - +0 leather armour
rPois    +         Spirit   .   (helmet restricted)
rElec    .         Reflect  .   (no cloak)
rCorr    .         Harm     .   (no gloves)
MR       .....                  (no boots)
Stlth    +.........             (no amulet)
Regen    0.2/turn               d - ring of flight
MPRegen  0.1/turn               (no ring)

@: no status effects
A: antennae 1, demonic guardian 1, dopey 1, poison resistance
a: Depart the Abyss, Bend Space, Renounce Religion, Evoke Flight


You were on level 4 of the Dungeon.
You worshipped Lugonu.
Lugonu was pleased with you.
You were very hungry.

You visited 1 branch of the dungeon, and saw 4 of its levels.
You visited the Abyss 1 time.

You collected 136 gold pieces.

Inventory:

Hand Weapons
 a - a +1 spear
 i - a +0 vampiric spear (weapon)
Armour
 b - a +0 leather armour (worn)
Magical Staves
 o - an uncursed staff of power
Jewellery
 d - a ring of flight (left hand)
 r - an uncursed amulet of faith {unknown}
Scrolls
 e - 4 scrolls of amnesia {unknown}
 f - a scroll of remove curse {unknown}
 g - a scroll of identify {unknown}
 h - 2 scrolls of enchant armour {unknown}
 j - a scroll of recharging {unknown}
 p - a scroll of noise {unknown}
 q - a scroll of teleportation {unknown}
 s - a scroll of random uselessness {unknown}
Potions
 n - a potion of curing
Comestibles
 c - 2 bread rations
 l - 2 royal jellies
 m - a meat ration


   Skills:
 - Level 3.0 Fighting
 * Level 4.8 Polearms
 - Level 1.7 Armour
 - Level 0.8 Dodging
 - Level 2.7 Invocations


You had 4 spell levels left.
You didn't know any spells.

Dungeon Overview and Level Annotations

Branches:
Dungeon (4/15)             Temple (0/1) D:4

Altars:
Okawaru

Annotations:
D:3 gobwax's ghost, amateur BaEE


Innate Abilities, Weirdness & Mutations

You have a pair of small antennae on your head.
A weak demonic guardian rushes to your aid.
You are dopey. (Int -2)
Your system is resistant to poisons. (rPois)


Message History

Your shadow imp dies!
You see here a robe.
You are feeling very hungry.
The iguana hisses menacingly.
You hit the iguana.
You feel better.
The iguana is heavily wounded.
The iguana barely misses you.
You closely miss the iguana.
The iguana is heavily wounded.
The iguana closely misses you.
You closely miss the iguana.
The iguana is heavily wounded.
The iguana bites you!
* * * LOW HITPOINT WARNING * * *
You barely miss the iguana.
The iguana is heavily wounded.
You hit the iguana.
The iguana is severely wounded.
The iguana bites you!
You die...

###### ########## ######....#
#.....[..# .....#....#
#...####.######### ..........#
#................# ..........#
#....#.#.#######.# ..........#
#......#..# #.#### ..........#
#...###...######.#...
#####.....####..@l.........#.#.##
............#######.###..........
###########.# #.......#.##.######
..# #.# #.###.#.#l#........ ..#
####.###.#...#.#.######... ..#
#........#.....#.......... ###
#......<.##.......##......
#..................# .....
#.......###........#......


You could see an iguana.

Vanquished Creatures
  A centaur skeleton (D:4)
  An iguana (D:4)
  An adder (D:3)
  3 worms
  A dart slug (D:1)
  4 leopard geckos
  An orc (D:3)
  3 ball pythons
  7 bats
  2 giant cockroaches
  10 goblins
  4 hobgoblins
  3 jackals (D:2)
  3 quokkas
  A frilled lizard (D:2)
  12 kobolds
  8 rats
65 creatures vanquished.

Notes
Turn   | Place    | Note
-------+----------+-------------------------------------------
     0 | Abyss:1  | gobwax the Demonspawn Abyssal Knight began the quest for the Orb.
     0 | Abyss:1  | Reached XP level 1. HP: 18/18 MP: 2/2
    50 | Abyss:1  | Noticed a sixfirhy
    54 | D:1      | Escaped the Abyss
   122 | D:1      | Reached skill level 2 in Polearms
   299 | D:1      | Gained mutation: You have a pair of small antennae on your head. [demonic ancestry]
   299 | D:1      | Reached XP level 2. HP: 24/24 MP: 4/4
   521 | D:1      | Reached * piety under Lugonu
   722 | D:2      | Found an iron altar of Okawaru.
   732 | D:2      | Reached skill level 3 in Polearms
   743 | D:2      | Reached XP level 3. HP: 18/29 MP: 5/5
  1547 | D:3      | Reached ** piety under Lugonu
  1618 | D:3      | Reached XP level 4. HP: 35/35 MP: 6/6
  1838 | D:3      | Reached skill level 4 in Polearms
  2289 | D:3      | Noticed gobwax's ghost (amateur BaEE)
  2290 | D:3      | Gained mutation: Your system is resistant to poisons. (rPois) [potion of mutation]
  2290 | D:3      | Gained mutation: Your muscles are strong. (Str +2) [potion of mutation]
  2290 | D:3      | Lost mutation: Your muscles are strong. (Str +2) [potion of mutation]
  2290 | D:3      | Gained mutation: You have a pair of antennae on your head. [potion of mutation]
  2291 | D:3      | Lost mutation: Your system is resistant to poisons. (rPois) [potion of mutation]
  2291 | D:3      | Lost mutation: You have a pair of antennae on your head. [potion of mutation]
  2291 | D:3      | Gained mutation: You are dopey. (Int -2) [potion of mutation]
  2291 | D:3      | Gained mutation: Your system is resistant to poisons. (rPois) [potion of mutation]
  2657 | D:4      | Gained mutation: A weak demonic guardian rushes to your aid. [demonic ancestry]
  2657 | D:4      | Reached XP level 5. HP: 21/41 MP: 7/7
  2746 | D:4      | Found a staircase to the Ecumenical Temple.
  2925 | D:4      | Slain by an iguana

Skill      XL: |  1  2  3  4 |
---------------+-------------+-----
Polearms       | 2 3 4 |  4.8
Fighting       | |  3.0
Armour         | |  1.7
Dodging        | |  0.8
Invocations    | |  2.7

Action                   |  1- 3 |  4- 6 || total
-------------------------+-------+-------++-------
Melee: Spear             |   148 |   110 ||   258
Invok: Depart the Abyss  |     1 |       ||     1
  Use: Potion            |     2 |     2 ||     4
 Stab: Sleeping          |     3 |       ||     3
  Eat: Chunk             |     2 |     3 ||     5
       Meat ration       |     1 |       ||     1
Armor: Leather armour    |    20 |     9 ||    29
Dodge: Dodged            |    60 |    52 ||   112
